AoeStats
← NDF

Arabia

509445582Analyzed
1v1 RM · 4d ago on Sep 26, 2026· 47m 3s· 2 players
Game mode
Random Map
Map size
Tiny (2 player)
Population
200
Speed
Normal
Resources
Standard
Victory
Conquest
Starting age
Dark Age
Ending age
Imperial Age
RankedLock teamsTeams togetherTeam positionsShared explorationLock speedFull tech treeHidden civsTurbo modeCheats
Victory
Defeat
🇨🇴 Lithuanians · Colombia
543
+18
🇦🇷 Teutons · Argentina
589
-18
Finrod
9:41 Feudal Age
10:12 Double-Bit Axe
11:05 Loom
11:32 Horse Collar
14:32 Gold Mining
14:38 Stone Mining
16:21 Bloodlines
18:38 Scale Barding Armor
18:45 Forging
22:24 Castle Age
20:46 Scale Mail Armor
23:12 Husbandry
22:34 Light Cavalry
23:39 Chain Barding Armor
30:42 Thumb Ring
29:57 Crossbowman
36:46 Imperial Age
34:38 Fletching
34:48 Padded Archer Armor
35:25 Iron Casting
36:59 Ballistics
36:30 Heated Shot
36:21 Treadmill Crane
40:21 Bodkin Arrow
40:42 Leather Archer Armor
41:21 Cavalier
43:34 Murder Holes
45:45 Chemistry
NDF
3:12 Loom
12:24 Feudal Age
13:38 Man-at-Arms
24:15 Castle Age
22:21 Double-Bit Axe
24:03 Horse Collar
24:50 Crossbowman
26:27 Gold Mining
26:28 Stone Mining
39:55 Elite Skirmisher
Connection lost

Rejoining the realm…

Still unreachable

The connection could not be restored.

Session expired

The server has moved on; the page needs a fresh start.